TOP OF THE 1ST |
Gresham Gold Souls batting - Pitching for Redwood City Redwoods : RHP Carlos Rodríguez
|
Pitching: RHP Carlos Rodríguez
|
|
Batting: RHB Norm Francis
|
0-0: Ball 1-0: Ball 2-0: Called Strike 2-1: Ball 3-1: Base on Balls
|
Batting: RHB Jared Thompson
|
0-0: SINGLE (Groundball, 4MD) Norm Francis to second Runner from 2nd tries for 3rd, SAFE, no throw
|
Batting: SHB Felipe Castro
|
0-0: Ball 1-0: DOUBLE (Flyball, 8LXD) Norm Francis scores Jared Thompson to third Runner from 3rd tries for Home, throw and OUT!
|
Batting: LHB Jeff Forsyth
|
0-0: Ball 1-0: Called Strike 1-1: Called Strike 1-2: Ball 2-2: Foul Ball, location: 2F 2-2: Ground out U3 (Groundball, 3) Felipe Castro to third
|
Batting: RHB Jesús Gutiérrez
|
0-0: SINGLE (Flyball, 89S) Felipe Castro scores
|
Batting: LHB Jeff McKinney
|
0-0: Ball 1-0: Called Strike 1-1: Called Strike 1-2: Strikes out looking
|
Top of the 1st over - 2 runs, 3 hits, 0 errors, 1 left on base; Gresham 2 - Redwood City 0 |
BOTTOM OF THE 1ST |
Redwood City Redwoods batting - Pitching for Gresham Gold Souls : RHP Isaac Coleman
|
Pitching: RHP Isaac Coleman
|
|
Batting: LHB José Peralta
|
0-0: Ball 1-0: Fly out, F7 (Flyball, 7S)
|
Batting: RHB Francisco Rodríguez
|
0-0: SINGLE (Line Drive, 78S)
|
Batting: RHB David Adams
|
0-0: Ball 1-0: Fly out, F7 (Flyball, 7)
|
Batting: LHB César Rodríguez
|
0-0: Ball 1-0: Foul Ball, location: 2F 1-1: Foul Ball, location: 2F 1-2: Foul Ball, location: 2F 1-2: Ground out U3 (Groundball, 3)
|
Bottom of the 1st over - 0 runs, 1 hit, 0 errors, 1 left on base; Gresham 2 - Redwood City 0 |
TOP OF THE 2ND |
Gresham Gold Souls batting - Pitching for Redwood City Redwoods : RHP Carlos Rodríguez
|
Batting: LHB Héctor Cruz
|
0-0: Called Strike 0-1: Swinging Strike 0-2: Foul Ball, location: 2F 0-2: Ball 1-2: Foul Ball, location: 2F 1-2: Ball 2-2: Fly out, F8 (Flyball, 8RS)
|
Batting: RHB Gustavo Pagán
|
0-0: Ball 1-0: Called Strike 1-1: Ground out 5-3 (Groundball, 56)
|
Batting: RHB Augusto Baiano
|
0-0: Ball 1-0: Ball 2-0: Ball 3-0: Called Strike 3-1: Called Strike 3-2: Ground out 6-3 (Groundball, 6S)
|
Top of the 2nd over - 0 runs, 0 hits, 0 errors, 0 left on base; Gresham 2 - Redwood City 0 |
BOTTOM OF THE 2ND |
Redwood City Redwoods batting - Pitching for Gresham Gold Souls : RHP Isaac Coleman
|
Batting: RHB Steve Sampson
|
0-0: Foul Ball, location: 2F 0-1: Foul Ball, location: 2F 0-2: Ball 1-2: Ball 2-2: Foul Ball, location: 2F 2-2: DOUBLE (Flyball, 8RXD)
|
Batting: RHB Daniel Robert
|
0-0: Ground out 5-3 (Groundball, 56)
|
Batting: RHB Luis Ramírez
|
0-0: Foul Ball, location: 2F 0-1: Ground out 1-3 (Groundball, P) Steve Sampson to third
|
Batting: RHB Luis Miguel Sánchez
|
0-0: Ball 1-0: Ball 2-0: Ball 3-0: Base on Balls
|
Batting: RHB Eugene Allen
|
0-0: Called Strike 0-1: Fly out, F7 (Flyball, 7LM)
|
Bottom of the 2nd over - 0 runs, 1 hit, 0 errors, 2 left on base; Gresham 2 - Redwood City 0 |
TOP OF THE 3RD |
Gresham Gold Souls batting - Pitching for Redwood City Redwoods : RHP Carlos Rodríguez
|
Batting: RHB Norm Francis
|
0-0: Called Strike 0-1: Ball 1-1: Ball 2-1: Ball 3-1: Foul Ball, location: 2F 3-2: Foul Ball, location: 2F 3-2: Fly out, F9 (Flyball, 9)
|
Batting: RHB Jared Thompson
|
0-0: DOUBLE (Line Drive, 7LM)
|
Batting: SHB Felipe Castro
|
0-0: Fly out, F8 (Flyball, 8RS)
|
Batting: LHB Jeff Forsyth
|
0-0: Ball 1-0: Foul Ball, location: 2F 1-1: Ball 2-1: Foul Ball, location: 2F 2-2: Fly out, F9 (Flyball, 9S)
|
Top of the 3rd over - 0 runs, 1 hit, 0 errors, 1 left on base; Gresham 2 - Redwood City 0 |
BOTTOM OF THE 3RD |
Redwood City Redwoods batting - Pitching for Gresham Gold Souls : RHP Isaac Coleman
|
Batting: LHB José Peralta
|
0-0: Ball 1-0: Ball 2-0: Ball 3-0: Foul Ball, location: 2F 3-1: Ground out 4-3 (Groundball, 4M)
|
Batting: RHB Francisco Rodríguez
|
0-0: Ball 1-0: Fly out, F7 (Flyball, 7)
|
Batting: RHB David Adams
|
0-0: Ball 1-0: Ball 2-0: Ground out 5-3 (Groundball, 56)
|
Bottom of the 3rd over - 0 runs, 0 hits, 0 errors, 0 left on base; Gresham 2 - Redwood City 0 |
TOP OF THE 4TH |
Gresham Gold Souls batting - Pitching for Redwood City Redwoods : RHP Carlos Rodríguez
|
Batting: RHB Jesús Gutiérrez
|
0-0: Ball 1-0: Ball 2-0: Ball 3-0: Called Strike 3-1: Reached on error, E3 (Popup, 34)
|
Batting: LHB Jeff McKinney
|
0-0: Ball 1-0: Called Strike 1-1: Fielders Choice at 2nd, 4-6 (Groundball, 4M)
|
Batting: LHB Héctor Cruz
|
0-0: Ball 1-0: Called Strike 1-1: Swinging Strike 1-2: Strikes out looking
|
Batting: RHB Gustavo Pagán
|
0-0: Ball 1-0: SINGLE (Line Drive, 8RS) Jeff McKinney to second Runner from 2nd tries for 3rd, OUT!
|
Top of the 4th over - 0 runs, 1 hit, 1 error, 1 left on base; Gresham 2 - Redwood City 0 |
BOTTOM OF THE 4TH |
Redwood City Redwoods batting - Pitching for Gresham Gold Souls : RHP Isaac Coleman
|
Batting: LHB César Rodríguez
|
0-0: Called Strike 0-1: Ball 1-1: Foul Ball, location: 2F 1-2: Ball 2-2: Ground out 1-3 (Groundball, P)
|
Batting: RHB Steve Sampson
|
0-0: Called Strike 0-1: Ball 1-1: Called Strike 1-2: Ball 2-2: Ball 3-2: Ground out 1-3 (Groundball, 15S)
|
Batting: RHB Daniel Robert
|
0-0: Foul Ball, location: 2F 0-1: Ground out 6-3 (Groundball, 56)
|
Bottom of the 4th over - 0 runs, 0 hits, 0 errors, 0 left on base; Gresham 2 - Redwood City 0 |
TOP OF THE 5TH |
Gresham Gold Souls batting - Pitching for Redwood City Redwoods : RHP Carlos Rodríguez
|
Batting: RHB Augusto Baiano
|
0-0: Swinging Strike 0-1: Ball 1-1: Called Strike 1-2: Foul Ball, location: 2F 1-2: Foul Ball, location: 2F 1-2: Strikes out swinging
|
Batting: RHB Norm Francis
|
0-0: Ball 1-0: Foul Ball, location: 2F 1-1: Ground out 4-3 (Groundball, 4S)
|
Batting: RHB Jared Thompson
|
0-0: Ball 1-0: Foul Ball, location: 2F 1-1: Ball 2-1: Foul Ball, location: 2F 2-2: Ball 3-2: Base on Balls
|
Batting: SHB Felipe Castro
|
0-0: Called Strike 0-1: Swinging Strike 0-2: Ball Jared Thompson steals 2nd base 1-2: Ball 2-2: Ball 3-2: Base on Balls
|
Batting: LHB Jeff Forsyth
|
0-0: Ball 1-0: Called Strike 1-1: Ball 2-1: Foul Ball, location: 2F 2-2: Ball 3-2: Foul Ball, location: 2F 3-2: 3-RUN HOME RUN (Flyball, 7LD), Distance : 319 ft
|
Batting: RHB Jesús Gutiérrez
|
0-0: DOUBLE (Line Drive, 7LD)
|
Pitching: LHP Leonard Simmons
|
|
Batting: LHB Jeff McKinney
|
0-0: Ball Passed Ball! Jesús Gutiérrez to third 1-0: Ground out 4-3 (Groundball, 4)
|
Top of the 5th over - 3 runs, 2 hits, 0 errors, 1 left on base; Gresham 5 - Redwood City 0 |
BOTTOM OF THE 5TH |
Redwood City Redwoods batting - Pitching for Gresham Gold Souls : RHP Isaac Coleman
|
Batting: RHB Luis Ramírez
|
0-0: Foul Ball, location: 2F 0-1: Ball 1-1: Ball 2-1: Swinging Strike 2-2: Ball 3-2: SOLO HOME RUN (Flyball, 7D), Distance : 357 ft
|
Batting: RHB Luis Miguel Sánchez
|
0-0: Called Strike 0-1: Ball 1-1: Swinging Strike 1-2: Ground out 6-3 (Groundball, 6M)
|
Batting: RHB Eugene Allen
|
0-0: Ball 1-0: Foul Ball, location: 2F 1-1: Ball 2-1: Ground out 6-3 (Groundball, 6)
|
Batting: LHB José Peralta
|
0-0: SOLO HOME RUN (Flyball, 9LD), Distance : 317 ft
|
Batting: RHB Francisco Rodríguez
|
0-0: Called Strike 0-1: Foul Ball, location: 2F 0-2: Ground out 5-3 (Groundball, 56)
|
Bottom of the 5th over - 2 runs, 2 hits, 0 errors, 0 left on base; Gresham 5 - Redwood City 2 |
TOP OF THE 6TH |
Gresham Gold Souls batting - Pitching for Redwood City Redwoods : LHP Leonard Simmons
|
Batting: LHB Héctor Cruz
|
0-0: Foul Ball, location: 2F 0-1: Foul Ball, location: 2F 0-2: Foul Ball, location: 2F 0-2: Strikes out looking
|
Batting: RHB Gustavo Pagán
|
0-0: Ball 1-0: Swinging Strike 1-1: Swinging Strike 1-2: Foul Ball, location: 2F 1-2: Ball 2-2: Strikes out swinging
|
Batting: RHB Augusto Baiano
|
0-0: Called Strike 0-1: Swinging Strike 0-2: Ball 1-2: Strikes out swinging
|
Top of the 6th over - 0 runs, 0 hits, 0 errors, 0 left on base; Gresham 5 - Redwood City 2 |
BOTTOM OF THE 6TH |
Redwood City Redwoods batting - Pitching for Gresham Gold Souls : RHP Isaac Coleman
|
Batting: RHB David Adams
|
0-0: Fly out, F8 (Flyball, 8RS)
|
Batting: LHB César Rodríguez
|
0-0: Ball 1-0: Foul Ball, location: 2F 1-1: Ball 2-1: Foul Ball, location: 2F 2-2: Fly out, F8 (Flyball, 8LS)
|
Batting: RHB Steve Sampson
|
0-0: Ground out 5-3 (Groundball, 56)
|
Bottom of the 6th over - 0 runs, 0 hits, 0 errors, 0 left on base; Gresham 5 - Redwood City 2 |
TOP OF THE 7TH |
Gresham Gold Souls batting - Pitching for Redwood City Redwoods : LHP Leonard Simmons
|
Batting: RHB Norm Francis
|
0-0: Ball 1-0: Called Strike 1-1: Foul Ball, location: 2F 1-2: SINGLE (Line Drive, 78M)
|
Batting: RHB Jared Thompson
|
0-0: Ball 1-0: Foul Ball, location: 2F 1-1: Called Strike 1-2: Ball 2-2: Fly out, F6 (Line Drive, 6)
|
Batting: SHB Felipe Castro
|
0-0: Ball 1-0: Ball 2-0: Ball 3-0: Base on Balls Norm Francis to second
|
Batting: LHB Jeff Forsyth
|
0-0: Foul Ball, location: 2F 0-1: Swinging Strike 0-2: Foul Ball, location: 2F 0-2: Ball 1-2: Fly out, F7 (Flyball, 7S)
|
Batting: RHB Jesús Gutiérrez
|
0-0: Called Strike 0-1: Ball 1-1: Ball 2-1: Called Strike 2-2: Foul Ball, location: 2F 2-2: Strikes out swinging
|
Top of the 7th over - 0 runs, 1 hit, 0 errors, 2 left on base; Gresham 5 - Redwood City 2 |
BOTTOM OF THE 7TH |
Redwood City Redwoods batting - Pitching for Gresham Gold Souls : RHP Isaac Coleman
|
Batting: RHB Daniel Robert
|
0-0: SINGLE (Groundball, 34D)
|
Batting: RHB Luis Ramírez
|
0-0: Ball 1-0: Called Strike 1-1: Fly out, F5 (Flyball, 5D)
|
Batting: RHB Luis Miguel Sánchez
|
0-0: Called Strike 0-1: SINGLE (Groundball, 34) (infield hit) Daniel Robert to second
|
Batting: RHB Eugene Allen
|
0-0: Fly out, F7 (Flyball, 7)
|
Batting: LHB José Peralta
|
0-0: Called Strike 0-1: Foul Ball, location: 2F 0-2: Ball 1-2: Ball 2-2: Foul Ball, location: 2F 2-2: Strikes out swinging
|
Bottom of the 7th over - 0 runs, 2 hits, 0 errors, 2 left on base; Gresham 5 - Redwood City 2 |
TOP OF THE 8TH |
Gresham Gold Souls batting - Pitching for Redwood City Redwoods : LHP Leonard Simmons
|
Batting: LHB Jeff McKinney
|
0-0: Ball 1-0: Foul Ball, location: 2F 1-1: Ball 2-1: Foul Ball, location: 2F 2-2: Strikes out looking
|
Batting: LHB Héctor Cruz
|
0-0: Called Strike 0-1: Ball 1-1: Ball 2-1: Swinging Strike 2-2: Strikes out looking
|
Batting: RHB Gustavo Pagán
|
0-0: Ball 1-0: Swinging Strike 1-1: Foul Ball, location: 2F 1-2: Foul Ball, location: 2F 1-2: Fly out, F5 (Line Drive, 56S)
|
Top of the 8th over - 0 runs, 0 hits, 0 errors, 0 left on base; Gresham 5 - Redwood City 2 |
BOTTOM OF THE 8TH |
Redwood City Redwoods batting - Pitching for Gresham Gold Souls : RHP Isaac Coleman
|
Now in RF: Bill Smith
|
|
Batting: RHB Francisco Rodríguez
|
0-0: Called Strike 0-1: Hit by Pitch
|
Batting: RHB David Adams
|
0-0: Called Strike 0-1: Called Strike 0-2: DOUBLE (Flyball, 8RXD) Francisco Rodríguez to third
|
Batting: LHB César Rodríguez
|
0-0: Ball 1-0: SINGLE (Groundball, 4D) Francisco Rodríguez scores David Adams to third Runner from 3rd tries for Home, SAFE, no throw
|
Pitching: RHP Eusébio Lagarto
|
|
Batting: RHB Steve Sampson
|
0-0: Ball 1-0: Foul Ball, location: 2F 1-1: Called Strike 1-2: Ball 2-2: Ball 3-2: Base on Balls César Rodríguez to second
|
Batting: RHB Daniel Robert
|
0-0: Ball 1-0: Ball 2-0: Called Strike 2-1: Swinging Strike 2-2: Strikes out swinging
|
Pinch Hitting: LHB Vicente Chávez
|
0-0: Ball 1-0: Called Strike 1-1: Ball 2-1: Foul Ball, location: 2F 2-2: Foul Ball, location: 2F 2-2: Ball 3-2: Foul Ball, location: 2F 3-2: Base on Balls César Rodríguez to third Steve Sampson to second
|
Batting: RHB Luis Miguel Sánchez
|
0-0: Called Strike 0-1: Ball 1-1: Swinging Strike 1-2: Strikes out swinging
|
Pinch Hitting: LHB Keith Green
|
0-0: Foul Ball, location: 2F 0-1: Ball 1-1: Ground out 1-3 (Groundball, 13)
|
Bottom of the 8th over - 2 runs, 2 hits, 0 errors, 3 left on base; Gresham 5 - Redwood City 4 |
TOP OF THE 9TH |
Gresham Gold Souls batting - Pitching for Redwood City Redwoods : LHP Leonard Simmons
|
Pitching: RHP Juan Sánchez
|
|
Now at 3B: Jesús Cuevas
|
|
Now in CF: Keith Green
|
|
Batting: RHB Augusto Baiano
|
0-0: Ground out 6-3 (Groundball, 6)
|
Batting: RHB Norm Francis
|
0-0: Called Strike 0-1: Foul Ball, location: 2F 0-2: Strikes out swinging
|
Batting: RHB Jared Thompson
|
0-0: Ball 1-0: Ground out 6-3 (Groundball, 6)
|
Top of the 9th over - 0 runs, 0 hits, 0 errors, 0 left on base; Gresham 5 - Redwood City 4 |
BOTTOM OF THE 9TH |
Redwood City Redwoods batting - Pitching for Gresham Gold Souls : RHP Eusébio Lagarto
|
Pitching: RHP Taylor Bowen
|
|
Batting: LHB José Peralta
|
0-0: Foul Ball, location: 2F 0-1: Ground out 4-3 (Groundball, 4)
|
Batting: RHB Francisco Rodríguez
|
0-0: Foul Ball, location: 2F 0-1: Foul Ball, location: 2F 0-2: Ball 1-2: Ball 2-2: SINGLE (Line Drive, 89S)
|
Batting: RHB David Adams
|
0-0: Called Strike 0-1: Foul Ball, location: 2F 0-2: Fly out, F7 (Flyball, 7)
|
Batting: LHB César Rodríguez
|
0-0: Foul Ball, location: 2F 0-1: Ball 1-1: SINGLE (Groundball, 56D) Francisco Rodríguez to second
|
Batting: RHB Steve Sampson
|
0-0: Ball 1-0: Fly out, F9 (Flyball, 9LD)
|
Bottom of the 9th over - 0 runs, 2 hits, 0 errors, 2 left on base; Gresham 5 - Redwood City 4 |
|